 Dungeon Sprint DCSS version 0.31.0-12-g77e489cdc1 (webtiles) character file.

Game seed: 4490102419777522885

105 CougarLife the Trooper (level 4, -11/32 HPs)
             Began as a Gargoyle Monk on Feb 27, 2024.
             Was a Follower of Okawaru.
             Mangled by a troll (13 damage)
             ... in the Dungeon (Sprint IX: "|||||||||||||||||||||||||||||").
             The game lasted 00:01:53 (340 turns).

CougarLife the Trooper (Gargoyle Monk)               Turns: 340, Time: 00:01:54

Health: -11/32     AC: 21    Str: 16    XL:     4   Next: 83%
Magic:  2/4        EV: 10    Int: 14    God:    Okawaru [*.....]
Gold:   0          SH:  0    Dex: 12    Spells: 3/3 levels left

rFire   . . .        k - +2 flail (holy)
rCold   . . .        d - orb {light}
rNeg    + . .        q - +1 chain mail
rPois   ∞            (no helmet)
rElec   +            p - +0 cloak
rCorr   .            o - +0 pair of gloves
SInv    .            (no boots)
Will    .....        (no amulet) Stlth
                     r - +2 ring of protection
HPRegen 0.25/turn    s - +3 ring of intelligence
MPRegen 0.09/turn

%: no teleportation
@: heroic, glowing
A: sickness immunity, AC +3, negative energy resistance 1, electricity
resistance, torment resistance 1, petrification resistance
a: Renounce Religion, Heroism


You were in the Dungeon.
You worshipped Okawaru.
Okawaru was aware of your devotion.
You visited 1 branch

Inventory:

Hand Weapons
 a - a +0 mace
 k - a +2 flail of holy wrath (weapon)
 t - a +2 heavy dire flail
Armour
 d - an orb of light (worn)
 o - a +0 pair of gloves (worn)
 p - a +0 cloak (worn)
 q - a +1 chain mail (worn)
Jewellery
 r - a +2 ring of protection (left hand)
 s - a +3 ring of intelligence (right hand)
Wands
 n - a wand of iceblast (10)
Scrolls
 j - 2 scrolls of blinking
 m - 2 scrolls of amnesia
Potions
 c - a potion of ambrosia
 e - 5 potions of curing
 f - 2 potions of heal wounds
 g - a potion of haste
 h - 4 potions of magic
 i - a potion of berserk rage
 l - a potion of invisibility


   Skills:
 + Level 6.6(11.6) Fighting
 + Level 6.0(11.0) Maces & Flails
 + Level 5.5(10.5) Armour
 - Level 2.4(7.4) Dodging
 * Level 0.0 Invocations


You had 3 spell levels left.
You didn't know any spells.
Your spell library was empty.

Dungeon Overview and Level Annotations

Branches:
Dungeon (1/1)

Altars:
Cheibriados
Dithmenos
Elyvilon
Fedhas
Gozag
Hepliaklqana
Kikubaaqudgha
Makhleb
Nemelex Xobeh
Okawaru
Qazlal
Ru
Sif Muna
Trog
Uskayaw
Vehumet
Wu Jian
Xom
Yredelemnul
Zin
The Shining One
Jiyva
Lugonu


Innate Abilities, Weirdness & Mutations

You are immune to sickness and miasma.
Your stone body is resilient. (AC +3)
You are immune to poison.
You resist negative energy. (rN+)
You are resistant to electric shocks. (rElec)
You are resistant to unholy torment.
You are immune to petrification.


Message History

You barely miss the troll. The troll bites you but does no damage.
The troll barely misses you. The troll claws you but does no damage.
You hit the troll.
The troll is lightly wounded.
The troll bites you! The troll misses you.
The troll claws you but does no damage.
You barely miss the troll.
The troll is lightly wounded.
The troll bites you!
The troll claws you but does no damage. x2
Okay, then.
You fail to use your ability.
The howler monkey hoots and howls with incredible vigour!
The troll bites you. The troll claws you!
* * * LOW HITPOINT WARNING * * *
The troll barely misses you.
You feel much better. The troll bites you but does no damage.
The troll claws you. x2
You hit the troll but do no damage.
The troll is lightly wounded.
The vampire mumbles some strange words.
The vampire flickers and vanishes for a moment.
The troll bites you but does no damage. The troll claws you but does no damage.
The troll claws you!
You hit the troll.
The troll is lightly wounded.
The troll bites you but does no damage.
The troll claws you but does no damage. x2
You gain the combat prowess of a mighty hero.
The troll barely misses you. The troll claws you!
* * * LOW HITPOINT WARNING * * *
The troll barely misses you.
The howler monkey hoots and howls with incredible vigour!
You hit the troll.
The troll is lightly wounded.
The troll bites you but does no damage. The troll claws you.
* * * LOW HITPOINT WARNING * * *
The troll barely misses you.
You thump the troll!
The troll is heavily wounded.
The troll bites you!
You die... ▓▓▓▓▓▓▓▓▓▓▓▓▓▓▓▓▓▓▓▓▓▓▓▓ _______'..[.....@TVOhyo. ▓▓▓▓▓▓▓▓▓▓▓▓▓▓▓▓▓▓▓▓▓▓▓▓

You could see a two-headed ogre, a troll, a vampire (invisible), an orc warrior, a howler monkey and a killer bee.

Vanquished Creatures
  A centaur (D)
  A gnoll (D)
  An adder (D)
  A dart slug (D)
  An orc (D)
  2 endoplasms (D)
  2 frilled lizards (D)
  A kobold (D)
10 creatures vanquished.

Notes
Turn   | Place    | Note
-------+----------+-------------------------------------------
     0 | D        | CougarLife the Gargoyle Monk began the quest for the Orb.
     0 | D        | Reached XP level 1. HP: 14/14 MP: 1/1
     6 | D        | Reached skill level 1 in Armour
   135 | D        | Noticed a centaur
   146 | D        | Reached XP level 2. HP: 17/20 MP: 2/2
   154 | D        | Killed a centaur
   155 | D        | Reached skill level 5 in Maces & Flails
   155 | D        | Reached skill level 5 in Armour
   155 | D        | Reached XP level 3. HP: 6/28 MP: 3/3
   155 | D        | Reached XP level 4. HP: 7/32 MP: 4/4
   179 | D        | Found a snail-covered altar of Cheibriados.
   179 | D        | Found a shadowy altar of Dithmenos.
   179 | D        | Found a white marble altar of Elyvilon.
   179 | D        | Found a blossoming altar of Fedhas.
   179 | D        | Found an opulent altar of Gozag.
   180 | D        | Found a hazy altar of Hepliaklqana.
   181 | D        | Found a viscous altar of Jiyva.
   182 | D        | Found an ancient bone altar of Kikubaaqudgha.
   183 | D        | Found a corrupted altar of Lugonu.
   184 | D        | Found a burning altar of Makhleb.
   185 | D        | Found a sparkling altar of Nemelex Xobeh.
   186 | D        | Found an iron altar of Okawaru.
   187 | D        | Found a stormy altar of Qazlal.
   188 | D        | Found a sacrificial altar of Ru.
   189 | D        | Found a shimmering blue altar of Sif Muna.
   190 | D        | Found a bloodstained altar of Trog.
   191 | D        | Found a hide-covered altar of Uskayaw.
   192 | D        | Found a radiant altar of Vehumet.
   193 | D        | Found an ornate altar of the Wu Jian Council.
   194 | D        | Became a worshipper of Warmaster Okawaru
   194 | D        | Reached * piety under Okawaru
   194 | D        | Reached ** piety under Okawaru
   195 | D        | Found a shimmering altar of Xom.
   196 | D        | Found a basalt altar of Yredelemnul.
   197 | D        | Found a glowing silver altar of Zin.
   198 | D        | Found a glowing golden altar of the Shining One.
   330 | D        | Noticed a troll
   330 | D        | Noticed a vampire
   330 | D        | Noticed an orc warrior
   330 | D        | Noticed a two-headed ogre
   339 | D        | HP: 1/32 [troll (2)]
   340 | D        | Mangled by a troll

Illustrated notes

Levels and vault maps discovered:
D:        linesprint [early_d, line_temple, items_1, d_10, items_2, lair_1,
          lair_end, items_3, orc_1, orc_end, items_4, d_15, swamp_1, shoals_1,
          snake_1, spider_1, d_20, vaults_1, items_5, swamp_end, shoals_end,
          snake_end, spider_end, vaults_end, d_27, items_6, zot_1, zot_end,
          crypt_end, forest_end, elf_end, slime_end, tomb_end, abyss_end,
          pan_hell_end]

Skill      XL: |  1  2  3  4 |
---------------+-------------+-----
Armour         | 2 5 |  5.5
Fighting       | 4 6 |  6.6
Maces & Flails | 4 5 6 |  6.0
Dodging        | |  2.4

Action                     |  1- 3 |  4- 6 || total
---------------------------+-------+-------++-------
  Melee: Mace              |    24 |    14 ||    38
         Flail             |       |     7 ||     7
 Invoke: Heroism           |       |     1 ||     1
    Use: Potion            |       |     1 ||     1
 Armour: Robe              |    24 |     3 ||    27
         Chain mail        |       |    22 ||    22
  Dodge: Dodged            |    24 |    16 ||    40
